 Dungeon Crawl Stone Soup version 0.25-a0-1073-gf4359a1 (webtiles) character file.

Game seed: 14963504117906622656, levelgen mode: deterministic

4 AtlasWard the Skirmisher (level 1, 0/19 HPs)
             Began as a Ghoul Monk on May 14, 2020.
             Slain by a jackal (1 damage)
             ... on level 1 of the Dungeon.
             The game lasted 00:00:27 (144 turns).

AtlasWard the Skirmisher (Ghoul Monk)                Turns: 144, Time: 00:00:27

Health: 0/19       AC:  2    Str: 14    XL:     1   Next: 70%
Magic:  0/0        EV: 12    Int:  5    God:
Gold:   0          SH:  0    Dex: 11    Spells: 0/0 levels left

rFire    . . .     SeeInvis .   a - +0 falchion
rCold    + . .     Gourm    .   (no shield)
rNeg     + + +     Faith    .   b - +0 robe
rPois    ∞         Spirit   .   (no helmet)
rElec    .         Reflect  .   (no cloak)
rCorr    .         Harm     .   (no gloves)
MR       .....                  (no boots)
Stlth    ++........             (no amulet)
HPRegen  0.00/turn              (no ring)
MPRegen  0.07/turn              (no ring)

@: rotting
A: rotting body, claws 1, carnivore, cold resistance 1, negative energy
resistance 3, inhibited regeneration, torment resistance, unbreathing
a: no special abilities


You were on level 1 of the Dungeon.
You were not hungry.

You visited 1 branch of the dungeon, and saw 1 of its levels.

Inventory:

Hand Weapons
 a - a +0 falchion (weapon)
Armour
 b - a +0 robe (worn)
Comestibles
 c - a ration


   Skills:
 + Level 3.5 Fighting
 + Level 2.8 Long Blades
 - Level 2.6 Dodging
 - Level 2.1 Stealth


You couldn't memorise any spells.
You didn't know any spells.
Your spell library was empty.

Dungeon Overview and Level Annotations

Branches:
Dungeon (1/15)

Altars:


Innate Abilities, Weirdness & Mutations

Your body is rotting away.
You thrive on raw meat.
You are immune to poison.
You have sharp fingernails.
You are carnivorous and can eat meat at any time.
Your flesh is cold resistant. (rC+)
You are immune to negative energy. (rN+++)
You do not regenerate when monsters are visible.
You are immune to unholy pain and torment.
You can survive without breathing.


Message History

The jackal bites you.
The jackal bites you but does no damage.
The jackal misses you.
You closely miss the jackal.
The jackal is heavily wounded.
The jackal bites you.
* * * LOW HITPOINT WARNING * * *
The jackal bites you but does no damage.
The jackal barely misses you.
You riposte.
You miss the jackal.
The jackal bites you but does no damage.
The jackal bites you.
* * * LOW HITPOINT WARNING * * *
The jackal bites you but does no damage.
You closely miss the jackal.
The jackal is heavily wounded.
The jackal bites you.
* * * LOW HITPOINT WARNING * * *
The jackal bites you but does no damage.
The jackal closely misses you. The jackal bites you.
You die...

....................≈≈≈.
.........)÷.........≈≈≈.
.........####....#.♣≈≈≈≈
........## #......♣≈≈≈≈
........# ##......≈≈≈≈
........# #.......≈≈≈
......
........######.....#.≈≈≈
......
.......h#....#...♣...≈≈≈
......
.......@hK...###♣♣♣♣♣♣≈≈
......##########hs...#
♣♣≈
........###....#.....#
♣♣
......s.#......#.....# ♣
........#......#....###
....!........(.........#
......#................#
.................##....#
......#..........# ...##


You could see 3 jackals, a giant cockroach and a kobold.

Vanquished Creatures
  A jackal (D:1)
  2 kobolds (D:1)
  A frilled lizard (D:1)
4 creatures vanquished.

Notes
Turn   | Place    | Note
-------+----------+-------------------------------------------
     0 | D:1      | AtlasWard the Ghoul Monk began the quest for the Orb.
     0 | D:1      | Reached XP level 1. HP: 19/19 MP: 0/0
   144 | D:1      | Slain by a jackal

Illustrated notes

Levels and vault maps discovered:
D:1:      lemuel_arrival_river_ford, layout_basic

Action                   || total
-------------------------++-------
Melee: Falchion          ||    22
  Eat: Chunk             ||     3
Armor: Robe              ||    17
Dodge: Dodged            ||    32
       Rpst.: Falchion   ||    12

Table legend:
 A = Non-vault XP
 B = Vault XP
 C = Vault XP percentage of total XP
 D = Non-vault monster count
 E = Vault monster count
 F = Vault count percentage of total count
                 A         B        C        D         E       F
            +---------+---------+-------+---------+---------+-------
      Total |       7 |       0 |   0.0 |       4 |       0 |   0.0
            +---------+---------+-------+---------+---------+-------
        D:1 |       7 |       0 |   0.0 |       4 |       0 |   0.0
            +---------+---------+-------+---------+---------+-------
